 Dungeon Crawl Stone Soup version 0.21-a0-150-gc243083 (webtiles) character file.

67 valhalheru the Chopper (level 4, 0/41 HPs)
             Began as a Hill Orc Berserker on July 27, 2017.
             Was a Believer of Trog.
             Slain by a big kobold
             ... wielding a +2 dagger of speed
              (2 damage)
             ... on level 3 of the Dungeon.
             The game lasted 00:05:12 (1918 turns).

valhalheru the Chopper (Hill Orc Berserker)         Turns: 1918, Time: 00:05:13

Health: 0/41       AC:  5    Str: 20    XL:     4   Next: 18%
Magic:  4/4        EV: 11    Int:  7    God:    Trog [**....]
Gold:   90         SH:  0    Dex: 10    Spells: 3/3 levels left

rFire    . . .     SeeInvis .   a - +0 hand axe
rCold    . . .     Gourm    .   (no shield)
rNeg     . . .     Faith    .   e - +0 ring mail
rPois    .         Spirit   .   (no helmet)
rElec    .         Reflect  .   (no cloak)
rCorr    .         Harm     .   (no gloves)
MR       .....                  (no boots)
Stlth    ..........             (no amulet)
HPRegen  0.13/turn              (no ring)
MPRegen  0.09/turn              (no ring)

@: no status effects
A: no striking features
a: Berserk, Trog's Hand, Burn Spellbooks, Renounce Religion


You were on level 3 of the Dungeon.
You worshipped Trog.
Trog was pleased with you.
You were not hungry.

You visited 1 branch of the dungeon, and saw 3 of its levels.

You collected 90 gold pieces.

Inventory:

Hand Weapons
 a - a +0 hand axe (weapon)
Missiles
 g - 59 stones (quivered)
Armour
 e - a +0 ring mail (worn)
Jewellery
 n - a +5 amulet of reflection {unknown}
Scrolls
 b - a scroll of identify
 f - a scroll of fear
 h - a scroll of teleportation
 k - a scroll of remove curse
 l - a scroll of enchant armour {unknown}
 o - a scroll of noise {unknown}
 p - a scroll of magic mapping {unknown}
 r - a scroll of enchant weapon {unknown}
Potions
 d - a potion of brilliance
 i - a potion of curing
 j - a potion of heal wounds {unknown}
 q - a potion of flight {unknown}
Comestibles
 c - 3 bread rations
 m - 3 chunks of flesh


   Skills:
 * Level 4.5 Fighting
 * Level 4.5 Axes
 + Level 1.0 Throwing
 * Level 3.1 Armour
 - Level 1.5 Dodging


You had 3 spell levels left.
You didn't know any spells.

Dungeon Overview and Level Annotations

Branches:
Dungeon (3/15)

Altars:


Message History

The big kobold hits you with a dagger of speed!
* * * LOW HITPOINT WARNING * * *
You hit the big kobold.
The big kobold is moderately wounded.
The big kobold hits you with a dagger of speed.
* * * LOW HITPOINT WARNING * * *
You hit the big kobold.
The big kobold is heavily wounded.
The big kobold barely misses you. The big kobold closely misses you.
You closely miss the big kobold.
The big kobold is heavily wounded.
The big kobold barely misses you.
You slash the big kobold!
The big kobold is severely wounded.
The big kobold hits you with a dagger of speed.
* * * LOW HITPOINT WARNING * * *
You hit the big kobold but do no damage.
The big kobold is severely wounded.
The big kobold hits you with a dagger of speed.
You die...

.#######.#####[....#...
.).....................
###≈≈≈≈≈...............
#≈≈≈≈≈≈≈≈############..
####≈≈≈≈≈≈≈ ###.....###. #.#.
%(.###≈######.....)).).) ##.#.
!...(###.......#####...)
#....######..........###≈≈≈####.
#.....#...###.K@######≈≈≈≈≈≈≈≈#.
#.....#.#.# ##### ≈≈≈≈≈≈≈≈##.
#.......#.#### ####≈≈≈####.
#....#..#....########.........#.
#..........#....##............#.
###.........#....##..............
......#.#........##..............
.....##..........................
.......##......................##


You could see a big kobold.

Vanquished Creatures
  An adder (D:3)
  2 oozes (D:3)
  A dart slug (D:1)
  A leopard gecko (D:3)
  An orc (D:3)
  4 bats
  4 giant cockroaches
  3 goblins
  3 hobgoblins
  3 jackals (D:1)
  12 kobolds
  2 quokkas
  A ball python (D:2)
  2 frilled lizards (D:2)
  4 rats
44 creatures vanquished.

Notes
Turn   | Place    | Note
-------+----------+-------------------------------------------
     0 | D:1      | valhalheru the Hill Orc Berserker began the quest for the Orb.
     0 | D:1      | Reached XP level 1. HP: 19/19 MP: 1/1
   112 | D:1      | Reached XP level 2. HP: 10/27 MP: 2/2
   937 | D:2      | Reached XP level 3. HP: 33/33 MP: 3/3
  1376 | D:3      | Reached skill level 1 in Throwing
  1497 | D:3      | Reached ** piety under Trog
  1730 | D:3      | Reached XP level 4. HP: 38/41 MP: 4/4
  1898 | D:3      | Noticed a big kobold
  1917 | D:3      | HP: 2/41 [big kobold/dagger of speed (1)]
  1918 | D:3      | Slain by a big kobold

Vault maps used:
D:1:      dpeg_arrival_pits
D:2:      grunt_ministairs_1, interstate_on_off
D:3:      cheibrodos_thug_alley, first_bread

Skill      XL: |  1  2  3 |
---------------+----------+-----
Fighting       | 4 |  4.5
Throwing       | 1 |  1.0
Armour         | 3 |  3.1
Axes           | |  4.5
Dodging        | |  1.5

Action                   |  1- 3 |  4- 6 || total
-------------------------+-------+-------++-------
Melee: Hand axe          |   106 |    29 ||   135
Throw: Stone             |    91 |     9 ||   100
       Throwing net      |     1 |       ||     1
  Use: Scroll            |     5 |       ||     5
  Eat: Chunk             |     3 |       ||     3
Armor: Animal skin       |    10 |       ||    10
       Ring mail         |    15 |    11 ||    26
Dodge: Dodged            |    60 |    10 ||    70
